[Event "57th Biel Festival ATO 2024"]
[Site "Biel"]
[Date "2024.07.15"]
[Round "1.64"]
[White "Cordes, Jule"]
[Black "Follesa, Enrico"]
[Result "0-1"]
[ECO "E39"]
[WhiteElo "1900"]
[BlackElo "2241"]
[Annotator "RC"]
[PlyCount "100"]
[EventDate "2024.07.03"]
[EventType "swiss"]
[EventCountry "SUI"]
[SourceTitle "playchess.com"]
[Source "ChessBase"]
[SourceQuality "1"]
[TimeControl "40/5400+30:1800+30"]

1. d4 Nf6 2. c4 e6 3. Nc3 Bb4 4. Qc2 O-O 5. Nf3 c5 6. dxc5 Na6 7. g3 Nxc5 8. Bg2 b6 9. O-O Bb7 10. Nb5 Be4 11. Qd1 Nb7 12. a3 Be7 13. Bf4 d6 14. Nc3 Bc6 15. Qc2 a6 16. b4 Qc7 17. Rac1 Rac8 18. Rfd1 Nd7 19. e4 Ne5 20. Ne2 Qb8 21. Nxe5 dxe5 22. Be3 Nd6 23. c5 bxc5 24. Bxc5 Rfe8 25. Nc3 Nb7 26. Be3 a5 27. Qb1 Nd6 28. Bc5 Nc4 29. Bxe7 Rxe7 30. bxa5 Rb7 31. Qa2 Nxa5 32. Rb1 Nb3 33. a4 Nd4 34. Rxb7 Qxb7 35. Rb1 Qa6 36. Kh1 Qd3 37. Qb2 Ba8 38. Rc1 h6 39. a5 h5 40. h3 h4 41. Kh2 Kh7 42. Bf1 hxg3+ 43. fxg3 Nf3+ 44. Kh1 Qe3 45. Bg2 Ne1 46. Na2 Rxc1 47. Nxc1 Nxg2 48. Kxg2 Qxe4+ 49. Kf1 Qh1+ 50. Ke2 Qg2+ 0-1

[Event "57th Biel Festival ATO 2024"]
[Site "Biel"]
[Date "2024.07.17"]
[Round "2.1"]
[White "Papaux, Jeremie"]
[Black "Nasybullina, Alfia"]
[Result "1/2-1/2"]
[ECO "D37"]
[WhiteElo "1814"]
[BlackElo "1997"]
[Annotator "RC"]
[PlyCount "59"]
[EventDate "2024.07.03"]
[EventType "swiss"]
[EventCountry "SUI"]
[SourceTitle "playchess.com"]
[Source "ChessBase"]
[SourceQuality "1"]
[TimeControl "40/5400+30:1800+30"]

1. d4 d5 2. c4 e6 3. Nf3 a6 4. cxd5 exd5 5. Nc3 Nf6 6. Bg5 c6 7. e3 Bd6 8. Bd3 Bg4 9. O-O Nbd7 10. Re1 Qc7 11. h3 Bxf3 12. Qxf3 h6 13. Bxf6 Nxf6 14. e4 dxe4 15. Nxe4 Nxe4 16. Rxe4+ Kf8 17. Rae1 Qd8 18. Re6 Rc8 19. Bg6 Rc7 20. Qf5 h5 21. Bxh5 Rh6 22. Rxh6 gxh6 23. Re3 Kg7 24. Re4 Kf8 25. g3 Qg5 26. Qh7 Qf6 27. Rg4 Ke8 28. Re4+ Kf8 29. Rg4 Ke8 30. Re4+ 1/2-1/2

[Event "57th Biel Festival ATO 2024"]
[Site "Biel"]
[Date "2024.07.17"]
[Round "2.2"]
[White "Wiesmann, Dominique"]
[Black "Noh, Jinwoo"]
[Result "0-1"]
[ECO "A07"]
[WhiteElo "1963"]
[BlackElo "1824"]
[Annotator "RC"]
[PlyCount "114"]
[EventDate "2024.07.03"]
[EventType "swiss"]
[EventCountry "SUI"]
[SourceTitle "playchess.com"]
[Source "ChessBase"]
[SourceQuality "1"]
[TimeControl "40/5400+30:1800+30"]

1. Nf3 d5 2. g3 Nf6 3. Bg2 e6 4. O-O Bd6 5. d3 Nbd7 6. Nbd2 b6 7. Re1 Bb7 8. e4 dxe4 9. dxe4 Bc5 10. h3 e5 11. c3 a5 12. Nh2 Qe7 13. Nhf1 O-O-O 14. a3 b5 15. Qe2 Bb6 16. Qxb5 Nc5 17. Nc4 Qe6 18. Nxb6+ cxb6 19. Qe2 Ba6 20. Qf3 Nb3 21. Rb1 Bd3 22. Bg5 Bxb1 23. Rxb1 Rd6 24. Qe2 Nd7 25. Be3 Kb7 26. Qb5 Rc8 27. Qe2 a4 28. Nh2 Ndc5 29. f4 Nd3 30. Nf3 f6 31. fxe5 fxe5 32. Bf1 Rcd8 33. Kh2 h6 34. Rd1 Nbc5 35. Bg1 Qf6 36. Rd2 Kb8 37. Qe3 Ne1 38. Rxd6 Nxf3+ 39. Kg2 Rxd6 40. Qxf3 Qxf3+ 41. Kxf3 Rf6+ 42. Kg2 Nxe4 43. Bb5 Nc5 44. Bxc5 bxc5 45. Bxa4 e4 46. Bd1 e3 47. Bf3 Kc7 48. g4 Kd6 49. b4 Rf4 50. a4 cxb4 51. cxb4 Rxb4 52. Bd1 Rf4 53. Kg3 Rf2 54. Bf3 Ke5 55. Bc6 Kd4 56. Bb5 Kc3 57. a5 Kb4 0-1

[Event "57th Biel Festival ATO 2024"]
[Site "Biel"]
[Date "2024.07.17"]
[Round "2.3"]
[White "Paholok, Igor"]
[Black "Kulikov, Mikhail L"]
[Result "0-1"]
[ECO "D05"]
[WhiteElo "1801"]
[BlackElo "1954"]
[Annotator "RC"]
[PlyCount "124"]
[EventDate "2024.07.03"]
[EventType "swiss"]
[EventCountry "SUI"]
[SourceTitle "playchess.com"]
[Source "ChessBase"]
[SourceQuality "1"]
[TimeControl "40/5400+30:1800+30"]

1. d4 Nf6 2. Nf3 e6 3. e3 d5 4. Bd3 Be7 5. Nbd2 O-O 6. O-O c5 7. c3 Nc6 8. dxc5 Bxc5 9. Qe2 Be7 10. e4 dxe4 11. Nxe4 h6 12. Nxf6+ Bxf6 13. Qe4 Re8 14. Qh7+ Kf8 15. Be3 b6 16. Be4 Bb7 17. Nd4 Bxd4 18. Bxd4 e5 19. Rfe1 Qf6 20. f4 Qxf4 21. Qh8+ Ke7 22. Qxg7 Rg8 23. Qh7 Rh8 24. Qf5 Qxf5 25. Bxf5 f6 26. Be3 Rad8 27. Rad1 h5 28. Bf2 Na5 29. Bh4 Rxd1 30. Rxd1 Bc6 31. Re1 Kf7 32. Rd1 Nc4 33. Bc2 Ke7 34. Re1 Ke6 35. Bb3 b5 36. Bf2 Rg8 37. g3 a6 38. Rd1 h4 39. Bc5 Bd5 40. Kf2 hxg3+ 41. hxg3 Rh8 42. Bxc4 bxc4 43. Ke2 Rh2+ 44. Bf2 a5 45. Ke3 a4 46. Rd2 Rh1 47. Re2 Rd1 48. Be1 Rd3+ 49. Kf2 Rf3+ 50. Kg1 Kf5 51. Bf2 Rd3 52. Be1 Bf3 53. Rf2 Kg4 54. Rh2 Rd1 55. Rh4+ Kf5 56. Kf1 Be4 57. Kf2 Rb1 58. g4+ Kg5 59. Rh8 Kxg4 60. Bd2 Rxb2 61. Ke3 Bd3 62. Rg8+ Kf5 0-1

[Event "57th Biel Festival ATO 2024"]
[Site "Biel"]
[Date "2024.07.17"]
[Round "2.4"]
[White "King, Alexander"]
[Black "Spaeti, Kurt"]
[Result "0-1"]
[ECO "D02"]
[WhiteElo "1935"]
[BlackElo "1804"]
[Annotator "RC"]
[PlyCount "112"]
[EventDate "2024.07.03"]
[EventType "swiss"]
[EventCountry "SUI"]
[SourceTitle "playchess.com"]
[Source "ChessBase"]
[SourceQuality "1"]
[TimeControl "40/5400+30:1800+30"]

1. d4 Nf6 2. Bf4 d5 3. e3 e6 4. Nd2 Bd6 5. Bg3 O-O 6. Ngf3 b6 7. c3 Bb7 8. Bd3 c5 9. Ne5 Qc7 10. O-O Nbd7 11. f4 g6 12. Qf3 Nh5 13. Bb5 Nxg3 14. hxg3 Nf6 15. Kf2 a6 16. Bd3 Nd7 17. Qg4 cxd4 18. exd4 Nf6 19. Qh4 Be7 20. Qh6 Qxe5 21. fxe5 Ng4+ 22. Ke2 Nxh6 23. Rh1 Ng4 24. Rh3 h5 25. Rah1 Kg7 26. Nf3 a5 27. Nh2 Nxh2 28. R1xh2 Ba6 29. g4 Bxd3+ 30. Kxd3 Rh8 31. gxh5 Rxh5 32. Rxh5 gxh5 33. Rxh5 Rh8 34. Rxh8 Kxh8 35. c4 dxc4+ 36. Kxc4 f6 37. Kb5 fxe5 38. dxe5 Bc5 39. Kc6 Kg7 40. Kd7 Kf7 41. b3 Bd4 42. Kd6 Be3 43. a4 Bf4 44. g4 Be3 45. Kd7 Bc5 46. g5 Be3 47. g6+ Kxg6 48. Kxe6 Bc5 49. Kd7 Kf5 50. e6 Kf6 51. e7 Bxe7 52. Kc6 Bc5 53. Kb5 Kf5 54. Kc4 Ke4 55. Kc3 Ke3 56. Kc2 Bb4 0-1

[Event "57th Biel Festival ATO 2024"]
[Site "Biel"]
[Date "2024.07.17"]
[Round "2.5"]
[White "Hofer, Friedrich"]
[Black "Schneuwly, Achim"]
[Result "0-1"]
[ECO "B49"]
[WhiteElo "1798"]
[BlackElo "1933"]
[Annotator "RC"]
[PlyCount "84"]
[EventDate "2024.07.03"]
[EventType "swiss"]
[EventCountry "SUI"]
[SourceTitle "playchess.com"]
[Source "ChessBase"]
[SourceQuality "1"]
[TimeControl "40/5400+30:1800+30"]

1. e4 c5 2. Nf3 Nc6 3. d4 cxd4 4. Nxd4 Qc7 5. Nc3 e6 6. Be2 Nf6 7. Be3 Bb4 8. O-O O-O 9. f3 a6 10. Nb1 d5 11. Nxc6 bxc6 12. c3 Bd6 13. h3 dxe4 14. f4 Nd5 15. Qc1 Rd8 16. c4 Nxe3 17. Qxe3 Qa7 18. Qxa7 Rxa7 19. Kh1 Rad7 20. Nc3 f5 21. g3 Bc5 22. Rad1 Kf7 23. Rxd7+ Rxd7 24. Rd1 e5 25. Rxd7+ Bxd7 26. Na4 Bd4 27. c5 a5 28. Kg2 Be6 29. b3 Bd5 30. fxe5 Ke6 31. Kf1 Kxe5 32. Ba6 g5 33. Bc8 f4 34. gxf4+ gxf4 35. Nb6 Bxc5 36. Nxd5 cxd5 37. Bb7 d4 38. h4 h5 39. Bc6 Be7 40. Be8 Bxh4 41. Bxh5 f3 42. a3 d3 0-1

[Event "57th Biel Festival ATO 2024"]
[Site "Biel"]
[Date "2024.07.17"]
[Round "2.6"]
[White "Andrzejewska, Anna"]
[Black "Kim, Donghan"]
[Result "1-0"]
[ECO "B29"]
[WhiteElo "1933"]
[BlackElo "1746"]
[Annotator "RC"]
[PlyCount "123"]
[EventDate "2024.07.03"]
[EventType "swiss"]
[EventCountry "SUI"]
[SourceTitle "playchess.com"]
[Source "ChessBase"]
[SourceQuality "1"]
[TimeControl "40/5400+30:1800+30"]

1. e4 c5 2. Nf3 Nf6 3. Nc3 d5 4. e5 Nfd7 5. Nxd5 Nxe5 6. Nxe5 Qxd5 7. Qe2 Nc6 8. Nxc6 Qxc6 9. d3 e6 10. Bd2 Bd6 11. Bc3 O-O 12. Qe4 Bd7 13. Qxc6 Bxc6 14. Be2 Rad8 15. O-O Rd7 16. f4 Re8 17. Rae1 Rde7 18. Bf3 Bxf3 19. Rxf3 e5 20. fxe5 Bxe5 21. Bxe5 Rxe5 22. Rxe5 Rxe5 23. Kf2 f6 24. Re3 Rf5+ 25. Rf3 Rd5 26. Ke3 Kf7 27. Kd2 Rg5 28. Rf2 Rh5 29. h3 Ke6 30. a4 Re5 31. Kc3 Kd5 32. b3 a5 33. Kd2 Re6 34. Rf5+ Re5 35. Rf2 Ke6 36. Kc3 Kd5 37. Kd2 Re6 38. Rf5+ Kd6 39. d4 cxd4 40. Rxa5 Re5 41. Ra8 Rf5 42. g4 Rf2+ 43. Kd3 Rf3+ 44. Kxd4 Rxh3 45. Rd8+ Kc7 46. Rg8 g5 47. Rg7+ Kc6 48. Ke4 Rc3 49. Rxh7 Rxc2 50. Kf5 Rc3 51. Kxf6 Rxb3 52. Kxg5 Rb4 53. Kf5 Rxa4 54. g5 b5 55. g6 Ra1 56. Rh4 Kd5 57. g7 Ra8 58. Rh8 Ra4 59. g8=Q+ Kd6 60. Qe6+ Kc7 61. Rh7+ Kd8 62. Qg8# 1-0

[Event "57th Biel Festival ATO 2024"]
[Site "Biel"]
[Date "2024.07.17"]
[Round "2.7"]
[White "Richard, Jean-Paul"]
[Black "Conrad, Vincent"]
[Result "0-1"]
[ECO "C00"]
[WhiteElo "1796"]
[BlackElo "1931"]
[Annotator "RC"]
[PlyCount "51"]
[EventDate "2024.07.03"]
[EventType "swiss"]
[EventCountry "SUI"]
[SourceTitle "playchess.com"]
[Source "ChessBase"]
[SourceQuality "1"]
[TimeControl "40/5400+30:1800+30"]

1. e4 e6 2. Nf3 d5 3. e5 c5 4. b4 cxb4 5. d4 Bd7 6. a3 Qb6 7. Be2 Bb5 8. axb4 Bxb4+ 9. c3 Bxe2 10. Qxe2 Be7 11. O-O Nc6 12. Na3 Na5 13. Qb5+ Nc6 14. Qxb6 axb6 15. Bb2 Bxa3 16. Bxa3 Nge7 17. Bd6 Kd7 18. Rfb1 Rxa1 19. Rxa1 Na5 20. Bb4 Nec6 21. g3 h6 22. Rb1 Nc4 23. Ra1 N6a5 24. Kf1 Rc8 25. Ke2 Kc6 26. Nd2 0-1

[Event "57th Biel Festival ATO 2024"]
[Site "Biel"]
[Date "2024.07.17"]
[Round "2.8"]
[White "Lachausse, Bruno"]
[Black "Oestmann, Lukas"]
[Result "0-1"]
[ECO "B21"]
[WhiteElo "1787"]
[BlackElo "1926"]
[Annotator "ChessBase"]
[PlyCount "96"]
[EventDate "2024.07.03"]
[EventType "swiss"]
[EventCountry "SUI"]
[SourceTitle "playchess.com"]
[Source "ChessBase"]
[SourceQuality "1"]
[TimeControl "40/5400+30:1800+30"]

1. e4 c5 2. d4 cxd4 3. c3 dxc3 4. Nxc3 d6 5. Bc4 Nc6 6. Nf3 a6 7. O-O Nf6 8. h3 e6 9. Qe2 Be7 10. Rd1 Qc7 11. Bf4 Ne5 12. Bb3 O-O 13. Rac1 Qb8 14. a4 Bd7 15. Nd4 Rd8 16. Be3 Nc6 17. f4 Nxd4 18. Bxd4 Bc6 19. Bb6 Re8 20. a5 Nd7 21. Na4 Bd8 22. Qe3 Bxb6 23. Nxb6 Nxb6 24. Qxb6 Qd8 25. Qb4 Qf6 26. g3 Qxb2 27. Rc2 Qf6 28. Rxd6 Qg6 29. Rc3 Qxe4 30. Qxe4 Bxe4 31. Ba4 Rec8 32. Re3 Bd5 33. Bb3 Rd8 34. Rb6 Bc6 35. f5 exf5 36. Re7 Rf8 37. Rb4 Rae8 38. Rc7 Re4 39. Rb6 g6 40. Kf2 Re5 41. Rcxc6 bxc6 42. Rxa6 Rb8 43. Bc4 Rc5 44. Be2 Rb2 45. Ra8+ Kg7 46. a6 Re5 47. a7 Rbxe2+ 48. Kf3 Ra2 0-1

[Event "57th Biel Festival ATO 2024"]
[Site "Biel"]
[Date "2024.07.17"]
[Round "2.9"]
[White "Jud, Marc"]
[Black "Cardoso Rodrigues, Michael"]
[Result "1/2-1/2"]
[ECO "A96"]
[WhiteElo "1925"]
[BlackElo "1796"]
[Annotator "RC"]
[PlyCount "55"]
[EventDate "2024.07.03"]
[EventType "swiss"]
[EventCountry "SUI"]
[SourceTitle "playchess.com"]
[Source "ChessBase"]
[SourceQuality "1"]
[TimeControl "40/5400+30:1800+30"]

1. d4 f5 2. Nf3 Nf6 3. g3 e6 4. Bg2 Be7 5. c4 d6 6. O-O O-O 7. Nc3 Ne4 8. Qc2 Nxc3 9. bxc3 Nc6 10. Ba3 e5 11. c5 e4 12. cxd6 cxd6 13. Nd2 d5 14. Bxe7 Qxe7 15. e3 Be6 16. Rab1 Na5 17. Qa4 b6 18. Rfc1 Rfc8 19. Bf1 Rc7 20. Ba6 Bc8 21. Bf1 Be6 22. Ba6 Bc8 23. Be2 Bb7 24. Qb4 Rac8 25. Qxe7 Rxe7 26. Rc2 Rec7 27. Rbc1 g6 28. Kf1 1/2-1/2

[Event "57th Biel Festival ATO 2024"]
[Site "Biel"]
[Date "2024.07.17"]
[Round "2.10"]
[White "Trachsel, Peter"]
[Black "Ribera Caro, Joan"]
[Result "1/2-1/2"]
[ECO "A13"]
[WhiteElo "1782"]
[BlackElo "1920"]
[Annotator "RC"]
[PlyCount "72"]
[EventDate "2024.07.03"]
[EventType "swiss"]
[EventCountry "SUI"]
[SourceTitle "playchess.com"]
[Source "ChessBase"]
[SourceQuality "1"]
[TimeControl "40/5400+30:1800+30"]

1. c4 e6 2. Nf3 d5 3. e3 c5 4. Nc3 d4 5. exd4 cxd4 6. Ne4 f5 7. Ng3 d3 8. Ne5 Qd4 9. Nxd3 g6 10. Qc2 e5 11. Qc3 Nc6 12. Ne2 Qd6 13. b3 Bg7 14. Bb2 Be6 15. Rd1 O-O-O 16. Ndc1 Bf6 17. Qc2 Nb4 18. Qb1 e4 19. Nc3 Qe5 20. Na4 Nd3+ 21. Nxd3 Qa5 22. Nf4 Bf7 23. Be2 g5 24. Nh5 Bxh5 25. Bxh5 g4 26. Bf7 f4 27. O-O f3 28. Nc3 fxg2 29. Rfe1 Bd4 30. Nxe4 Nh6 31. Bxd4 Rxd4 32. Re2 Nxf7 33. Qb2 Rhd8 34. a3 Ne5 35. b4 Nf3+ 36. Kxg2 Qh5 1/2-1/2

[Event "57th Biel Festival ATO 2024"]
[Site "Biel"]
[Date "2024.07.17"]
[Round "2.11"]
[White "Kuenzli, Simon"]
[Black "Pantillon, Patrick Andre"]
[Result "1-0"]
[ECO "B02"]
[WhiteElo "1919"]
[BlackElo "1782"]
[Annotator "RC"]
[PlyCount "63"]
[EventDate "2024.07.03"]
[EventType "swiss"]
[EventCountry "SUI"]
[SourceTitle "playchess.com"]
[Source "ChessBase"]
[SourceQuality "1"]
[TimeControl "40/5400+30:1800+30"]

1. e4 Nf6 2. Nc3 d5 3. exd5 Nxd5 4. Bc4 c6 5. Qf3 Be6 6. Nge2 Qd7 7. O-O Bg4 8. Qg3 Bh5 9. Bxd5 cxd5 10. Nf4 Bg6 11. Ncxd5 Na6 12. Ne3 e6 13. Qh3 Be4 14. d3 Bc6 15. Nc4 Bd6 16. Nxd6+ Qxd6 17. Be3 O-O-O 18. Ne2 Kb8 19. d4 Ka8 20. c4 f5 21. Bf4 Qe7 22. Qe3 Qf7 23. f3 h6 24. Be5 Rhg8 25. Rab1 g5 26. b4 g4 27. b5 gxf3 28. Nf4 Be4 29. bxa6 bxa6 30. Rb2 h5 31. Rxf3 Rg4 32. Qb3 1-0

[Event "57th Biel Festival ATO 2024"]
[Site "Biel"]
[Date "2024.07.17"]
[Round "2.12"]
[White "Meshach, Felix"]
[Black "Aegerter, Fabrice"]
[Result "1-0"]
[ECO "C26"]
[WhiteElo "1773"]
[BlackElo "1917"]
[Annotator "RC"]
[PlyCount "69"]
[EventDate "2024.07.03"]
[EventType "swiss"]
[EventCountry "SUI"]
[SourceTitle "playchess.com"]
[Source "ChessBase"]
[SourceQuality "1"]
[TimeControl "40/5400+30:1800+30"]

1. e4 e5 2. Nc3 Nf6 3. Nf3 Nc6 4. g3 Bc5 5. Bg2 d6 6. d3 h6 7. O-O O-O 8. Na4 Bb6 9. h3 Nh7 10. Nxb6 axb6 11. d4 Qe8 12. Re1 Ng5 13. Nxg5 hxg5 14. d5 Ne7 15. Bxg5 f6 16. Bd2 f5 17. f4 Qg6 18. Kh2 fxe4 19. fxe5 dxe5 20. Rxe4 Rf2 21. Re2 Rxe2 22. Qxe2 Qxc2 23. Qxe5 Ng6 24. Qe8+ Kh7 25. Qe2 Bf5 26. Rc1 Qd3 27. Qxd3 Bxd3 28. Rxc7 Rxa2 29. Bc3 b5 30. Rxg7+ Kh6 31. Rxb7 Kg5 32. d6 Ra8 33. Bd2+ Kf6 34. Rxb5 Re8 35. Rd5 1-0

[Event "57th Biel Festival ATO 2024"]
[Site "Biel"]
[Date "2024.07.17"]
[Round "2.13"]
[White "Retti, Marco"]
[Black "Kalbermatter, Philipp"]
[Result "0-1"]
[ECO "C10"]
[WhiteElo "1772"]
[BlackElo "1912"]
[Annotator "RC"]
[PlyCount "91"]
[EventDate "2024.07.03"]
[EventType "swiss"]
[EventCountry "SUI"]
[SourceTitle "playchess.com"]
[Source "ChessBase"]
[SourceQuality "1"]
[TimeControl "40/5400+30:1800+30"]

1. e4 e6 2. d4 d5 3. Nc3 Nc6 4. e5 f6 5. Bb5 Bd7 6. Bxc6 bxc6 7. Nf3 c5 8. O-O cxd4 9. Nxd4 fxe5 10. Qh5+ g6 11. Qxe5 Qf6 12. Qxf6 Nxf6 13. Re1 Kf7 14. Nf3 Bd6 15. Bh6 Rhe8 16. h3 Rab8 17. b3 e5 18. Bd2 e4 19. Nh2 d4 20. Ne2 c5 21. c4 Rbd8 22. Rad1 Bc6 23. Bg5 Rd7 24. Bf4 d3 25. Bxd6 dxe2 26. Rxe2 Red8 27. Red2 e3 28. fxe3 Ke6 29. Nf3 Rxd6 30. Ng5+ Ke7 31. Rxd6 Rxd6 32. Rxd6 Kxd6 33. Kf2 Ne4+ 34. Nxe4+ Bxe4 35. g3 Bb1 36. a3 a5 37. Ke1 Ba2 38. b4 cxb4 39. Kd2 Bxc4 40. h4 bxa3 41. Kc3 a2 42. Kb2 h5 43. Ka1 Ke5 44. g4 hxg4 45. h5 gxh5 46. Kb2 0-1

[Event "57th Biel Festival ATO 2024"]
[Site "Biel"]
[Date "2024.07.17"]
[Round "2.14"]
[White "Titov, Dmitrii"]
[Black "Yu, Tianxiang Carlos"]
[Result "0-1"]
[ECO "A45"]
[WhiteElo "1899"]
[BlackElo "1769"]
[Annotator "NA RC"]
[PlyCount "112"]
[EventDate "2024.07.03"]
[EventType "swiss"]
[EventCountry "SUI"]
[SourceTitle "playchess.com"]
[Source "ChessBase"]
[SourceQuality "1"]
[TimeControl "40/5400+30:1800+30"]

1. d4 Nf6 2. Bf4 g6 3. Nc3 d5 4. e3 Bg7 5. h4 h5 6. Bd3 O-O 7. Nce2 Nbd7 8. Nh3 c5 9. c3 Re8 10. Ng5 e5 11. dxe5 Nxe5 12. Bxe5 Rxe5 13. O-O b6 14. Nf4 Bh6 15. Nfh3 Qe7 16. Qc2 Bxh3 17. Nxh3 Ng4 18. g3 Qd7 19. Nf4 Rae8 20. a4 c4 21. Be2 Bxf4 22. gxf4 Rf5 23. Bxg4 hxg4 24. Kh2 Rh5 25. Kg3 d4 26. cxd4 Qd5 27. Qd1 Rxh4 28. Rh1 Rxh1 29. Qxh1 Qf5 30. Qd1 Kg7 31. Qxg4 Qc2 32. Rh1 Rh8 33. Rxh8 Kxh8 34. Qc8+ Kg7 35. Qc6 Qc1 36. Kg2 Qc2 37. Qd5 Qxa4 38. Qe5+ Kh7 39. Qe7 Qc6+ 40. e4 Qe6 41. Qxe6 fxe6 42. Kf3 Kg7 43. Ke3 Kf6 44. Kd2 b5 45. Kc3 a5 46. b3 cxb3 47. Kxb3 Ke7 48. Ka3 Kd6 49. Kb3 b4 50. Kc4 Kc6 51. Kb3 Kb5 52. Kb2 Kc4 53. d5 exd5 54. f5 gxf5 55. e5 Kc5 56. f4 d4 0-1

[Event "57th Biel Festival ATO 2024"]
[Site "Biel"]
[Date "2024.07.17"]
[Round "2.15"]
[White "Bangerter, Ena"]
[Black "Jordan, Theodor"]
[Result "1-0"]
[ECO "D00"]
[WhiteElo "1771"]
[BlackElo "1894"]
[Annotator "NA RC"]
[PlyCount "91"]
[EventDate "2024.07.03"]
[EventType "swiss"]
[EventCountry "SUI"]
[SourceTitle "playchess.com"]
[Source "ChessBase"]
[SourceQuality "1"]
[TimeControl "40/5400+30:1800+30"]

1. d4 d5 2. Bf4 c5 3. e3 Nc6 4. c3 Nf6 5. Nd2 Bf5 6. Ngf3 Qb6 7. Nh4 Bd7 8. Qb3 c4 9. Qc2 Qa6 10. Be2 e6 11. b3 Na5 12. b4 Nc6 13. a4 b5 14. Qb1 Be7 15. axb5 Qxb5 16. Nhf3 O-O 17. O-O Nh5 18. Ng5 Bxg5 19. Bxg5 Nf6 20. e4 Nxe4 21. Bxc4 dxc4 22. Nxe4 e5 23. Nc5 Bc8 24. d5 Nb8 25. Ra5 Qe8 26. Qa2 f6 27. Be3 Qg6 28. Qxc4 f5 29. d6+ Kh8 30. Qd5 f4 31. Qxa8 f3 32. g3 Qh5 33. Nd3 Qh3 34. Ne1 Rf5 35. Nxf3 Rf8 36. Qe4 Bg4 37. Ng5 Qh5 38. Rxe5 Nd7 39. Re7 Nf6 40. Qg2 h6 41. h3 Be2 42. Re1 hxg5 43. g4 Nxg4 44. hxg4 Bxg4 45. d7 Bh3 46. Qxg5 1-0

[Event "57th Biel Festival ATO 2024"]
[Site "Biel"]
[Date "2024.07.17"]
[Round "2.17"]
[White "Boillat, Maxime"]
[Black "Schmid, Nicola"]
[Result "0-1"]
[ECO "B00"]
[WhiteElo "1768"]
[BlackElo "1888"]
[Annotator "NA RC"]
[PlyCount "68"]
[EventDate "2024.07.03"]
[EventType "swiss"]
[EventCountry "SUI"]
[SourceTitle "playchess.com"]
[Source "ChessBase"]
[SourceQuality "1"]
[TimeControl "40/5400+30:1800+30"]

1. e4 e6 2. d4 b6 3. Nf3 Bb7 4. Nc3 a6 5. Bd3 c5 6. Be3 Qc7 7. a4 c4 8. Be2 Bb4 9. Nd2 Nf6 10. f3 d5 11. e5 Ng8 12. f4 Ne7 13. g4 Nbc6 14. O-O h5 15. f5 hxg4 16. fxe6 f6 17. Bxg4 O-O-O 18. Ne2 fxe5 19. dxe5 Nxe5 20. Bf4 Bc5+ 21. Kh1 Bd6 22. Nd4 Rdf8 23. Bg3 Rxf1+ 24. Nxf1 c3 25. b3 Kb8 26. Qe2 Rh6 27. Re1 Nxg4 28. Qxg4 Rg6 29. Qf3 Rf6 30. Bxd6 Qxd6 31. Qg3 Qf4 32. Ne3 Ka7 33. Ne2 d4+ 34. Ng2 Qd2 0-1

[Event "57th Biel Festival ATO 2024"]
[Site "Biel"]
[Date "2024.07.17"]
[Round "2.18"]
[White "Wenger, Arejou"]
[Black "Rossi, Jonas"]
[Result "1-0"]
[ECO "C07"]
[WhiteElo "1875"]
[BlackElo "1796"]
[Annotator "NA RC"]
[PlyCount "43"]
[EventDate "2024.07.03"]
[EventType "swiss"]
[EventCountry "SUI"]
[SourceTitle "playchess.com"]
[Source "ChessBase"]
[SourceQuality "1"]
[TimeControl "40/5400+30:1800+30"]

1. e4 e6 2. d4 d5 3. Nd2 c5 4. exd5 Qxd5 5. Ngf3 cxd4 6. Bc4 Qd7 7. O-O Nc6 8. Nb3 Nf6 9. Re1 a6 10. Nbxd4 Nxd4 11. Nxd4 b5 12. Bb3 Bc5 13. Be3 Bb7 14. Nxe6 Bxe3 15. Nc5 Qc6 16. Rxe3+ Kf8 17. Nxb7 Qxb7 18. Qd6+ Kg8 19. Re7 Ne4 20. Bxf7+ Kf8 21. Re8+ Kxf7 22. Qe6# 1-0

[Event "57th Biel Festival ATO 2024"]
[Site "Biel"]
[Date "2024.07.17"]
[Round "2.19"]
[White "Linder, Ernst"]
[Black "Kessler, Meinrad"]
[Result "1/2-1/2"]
[ECO "E12"]
[WhiteElo "1765"]
[BlackElo "1874"]
[Annotator "NA RC"]
[PlyCount "61"]
[EventDate "2024.07.03"]
[EventType "swiss"]
[EventCountry "SUI"]
[SourceTitle "playchess.com"]
[Source "ChessBase"]
[SourceQuality "1"]
[TimeControl "40/5400+30:1800+30"]

1. d4 Nf6 2. Nf3 e6 3. c4 b6 4. Nc3 Bb4 5. Bg5 Bb7 6. e3 h6 7. Bxf6 Qxf6 8. Be2 O-O 9. Rc1 c5 10. O-O Bxc3 11. Rxc3 d6 12. Rd3 cxd4 13. exd4 Be4 14. Rd2 Nd7 15. h3 Rac8 16. b3 Bxf3 17. Bxf3 Qe7 18. Re1 f5 19. Rxe6 Qg5 20. Bd5 Kh8 21. Rxd6 Nf6 22. Bf3 Rce8 23. Re2 Ne4 24. Bxe4 fxe4 25. Re3 Rxf2 26. Kxf2 Rf8+ 27. Rf3 exf3 28. g3 Qf5 29. h4 Qh3 30. Qg1 Qf5 31. Qd1 1/2-1/2

[Event "57th Biel Festival ATO 2024"]
[Site "Biel"]
[Date "2024.07.17"]
[Round "2.20"]
[White "Lang, Jochen"]
[Black "Keymer, Cecilia"]
[Result "1/2-1/2"]
[ECO "D02"]
[WhiteElo "1755"]
[BlackElo "1865"]
[Annotator "NA RC"]
[PlyCount "39"]
[EventDate "2024.07.03"]
[EventType "swiss"]
[EventCountry "SUI"]
[SourceTitle "playchess.com"]
[Source "ChessBase"]
[SourceQuality "1"]
[TimeControl "40/5400+30:1800+30"]

1. d4 d5 2. Bf4 c5 3. e3 Nc6 4. c3 cxd4 5. exd4 Nf6 6. Nd2 e6 7. Ngf3 Bd6 8. Bg3 Bxg3 9. hxg3 Qd6 10. Qe2 b6 11. Ne5 Bb7 12. f4 a6 13. Qf3 Qe7 14. Bd3 h6 15. g4 Nxe5 16. fxe5 Nh7 17. Bxh7 Rxh7 18. Qf4 O-O-O 19. O-O-O Rf8 20. Nf3 1/2-1/2

[Event "57th Biel Festival ATO 2024"]
[Site "Biel"]
[Date "2024.07.17"]
[Round "2.21"]
[White "Bracher, Juerg"]
[Black "Svendsen, Hannelore"]
[Result "1/2-1/2"]
[ECO "A38"]
[WhiteElo "1864"]
[BlackElo "1753"]
[Annotator "NA"]
[PlyCount "71"]
[EventDate "2024.07.03"]
[EventType "swiss"]
[EventCountry "SUI"]
[SourceTitle "playchess.com"]
[Source "ChessBase"]
[SourceQuality "1"]
[TimeControl "40/5400+30:1800+30"]

1. c4 c5 2. Nc3 Nc6 3. Nf3 Nf6 4. g3 g6 5. Bg2 Bg7 6. O-O O-O 7. d3 d6 8. Bg5 h6 9. Bd2 a6 10. a3 Bd7 11. Rb1 Rb8 12. b4 cxb4 13. axb4 b5 14. Nd5 Nxd5 15. cxd5 Ne5 16. Nxe5 dxe5 17. Be3 Kh7 18. Qd2 f5 19. f4 exf4 20. gxf4 Rc8 21. Rbc1 Re8 22. Bc5 e5 23. dxe6 Bxe6 24. Bb7 Rb8 25. Bc6 Bd7 26. Bf3 Be6 27. e3 Bd5 28. Bxd5 Qxd5 29. Ra1 Bxa1 30. Rxa1 Re6 31. Qc3 Rd8 32. Rd1 Qf3 33. Rd2 Rc6 34. Qe5 Qd5 35. Qe7+ Kg8 36. Bd4 1/2-1/2

[Event "57th Biel Festival ATO 2024"]
[Site "Biel"]
[Date "2024.07.17"]
[Round "2.22"]
[White "Jordan, Christina"]
[Black "Gafner, Lancelot"]
[Result "1/2-1/2"]
[ECO "C96"]
[WhiteElo "1749"]
[BlackElo "1864"]
[Annotator "NA RC"]
[PlyCount "87"]
[EventDate "2024.07.03"]
[EventType "swiss"]
[EventCountry "SUI"]
[SourceTitle "playchess.com"]
[Source "ChessBase"]
[SourceQuality "1"]
[TimeControl "40/5400+30:1800+30"]

1. e4 e5 2. Nf3 Nc6 3. Bb5 a6 4. Ba4 Nf6 5. O-O Be7 6. Re1 b5 7. Bb3 d6 8. c3 O-O 9. h3 Na5 10. Bc2 c5 11. d3 Qc7 12. Nbd2 Re8 13. a4 Bd7 14. Nf1 Bf8 15. Bg5 Be7 16. Ne3 Be6 17. d4 exd4 18. cxd4 Rad8 19. Qd3 c4 20. Qc3 Nb7 21. Bb1 Nh5 22. Qc2 Bxg5 23. Nxg5 g6 24. Nxe6 fxe6 25. Ng4 e5 26. Qd2 Qg7 27. axb5 axb5 28. Qb4 Qd7 29. Rd1 Qc6 30. dxe5 dxe5 31. Rxd8 Nxd8 32. Ra7 Nb7 33. Qc3 Qb6 34. Ra1 Qc5 35. Qf3 Kg7 36. Bc2 Rd8 37. Rd1 Rxd1+ 38. Qxd1 Qd4 39. Qc1 Nc5 40. Qg5 Nd7 41. Qe7+ Kh8 42. Qe8+ Kg7 43. Qe7+ Kh8 44. Qe8+ 1/2-1/2